 Dungeon Crawl Stone Soup version 0.31-a0-1074-g0b22e4e0f1 (webtiles) character file.

Game seed: 5636435371107249427

105310 grandjackal the Lord of Darkness (level 15, -11/110 HPs)
             Began as a Vampire Enchanter on Dec 3, 2023.
             Was the Champion of Kikubaaqudgha.
             Mangled by a naga
             ... wielding a +1 short sword of electrocution
              (24 damage)
             ... on level 3 of the Snake Pit.
             The game lasted 01:45:21 (32366 turns).

grandjackal the Lord of Darkness (VpEn)            Turns: 32366, Time: 01:45:22

Health: -11/110    AC: 13    Str: 11    XL:     15   Next: 94%
Magic:  29/29      EV: 15    Int: 28    God:    Kikubaaqudgha [******]
Gold:   1583       SH:  0    Dex: 18    Spells: 2/34 levels left

rFire   . . .        C - +2 dagger (venom)
rCold   + + .        (no shield)
rNeg    + . .        G - +1 steam dragon scales
rPois   +            M - +0 helmet
rElec   +            n - +0 cloak
rCorr   +            a - +2 pair of gloves {Dex+3}
SInv    +            d - +1 pair of boots of Ecotaubi {Int+3}
Will    +....        m - amulet of the Final Decision {Acrobat rElec SInv}
Stlth   +++++++      T - ring "Ynnosam" {rPois rC+ rCorr Stlth+}
HPRegen 0.58/turn    F - ring "Jawa" {Drain rPois rC+ rN+ Str+4}
MPRegen 0.21/turn

%: acrobat
@: healing quickly, constricted
A: alive, fangs 3, see invisible, vampiric 2
a: Exsanguinate, Renounce Religion, Unearth Wretches, Torment, Brand Weapon With
Pain, Receive Forbidden Knowledge


You were on level 3 of the Snake Pit.
You worshipped Kikubaaqudgha.
Kikubaaqudgha was exalted by your worship.
You visited 4 branches of the dungeon, and saw 25 of its levels.
You also visited: Ossuary.

You collected 2824 gold pieces.
You spent 1241 gold pieces at shops.

Inventory:

Hand Weapons
 C - a +2 dagger of venom (weapon)
 N - a +0 rapier
Missiles
 Z - 4 curare-tipped darts
Armour
 a - a +2 pair of gloves of dexterity (worn)
 d - the +1 pair of boots of Ecotaubi (worn) {Int+3}
   (You bought it in a shop on level 9 of the Dungeon)

   Int+3:     It affects your intelligence (+3).
 n - a +0 cloak (worn)
 q - a scarf of repulsion
 u - a +1 robe of cold resistance
 G - +1 steam dragon scales (worn)
 M - a +0 helmet (worn)
 O - +0 acid dragon scales
Jewellery
 m - the amulet of the Final Decision (around neck) {Acrobat rElec SInv}
   (You acquired it on level 1 of the Lair of Beasts)

   [amulet of the acrobat]

   Acrobat:   It increases your evasion while moving and waiting.
   rElec:     It insulates you from electricity.
   SInv:      It lets you see invisible.
 s - a ring of flight
 z - a ring of willpower
 F - the ring "Jawa" (right hand) {Drain rPois rC+ rN+ Str+4}
   (You found it on level 5 of the Lair of Beasts)

   [ring of protection from cold]

   Str+4:     It affects your strength (+4).
   rC+:       It protects you from cold.
   rPois:     It protects you from poison rN+: It protects you from negative
   energy.
   Drain:     It drains your maximum health when unequipped.
 Q - a ring of resist corrosion
 T - the ring "Ynnosam" (left hand) {rPois rC+ rCorr Stlth+}
   (You bought it in a shop on level 5 of the Dungeon)

   [ring of resist corrosion]

   rC+:       It protects you from cold.
   rPois:     It protects you from poison rCorr: It protects you from acid and
   corrosion.
   Stlth+:    It makes you more stealthy.
Wands
 o - a wand of charming (6)
 v - a wand of quicksilver (5)
 y - a wand of flame (37)
 B - a wand of iceblast (13)
 E - a wand of digging (5)
 V - a wand of polymorph (6)
Scrolls
 b - 3 scrolls of fog
 g - 5 scrolls of revelation
 h - 5 scrolls of teleportation
 i - 2 scrolls of poison
 l - 3 scrolls of enchant armour
 p - a scroll of brand weapon
 r - 4 scrolls of vulnerability
 t - a scroll of silence
 w - 2 scrolls of fear
 A - 3 scrolls of immolation
 I - 4 scrolls of amnesia
 J - a scroll of summoning
 S - 2 scrolls of identify
 U - a scroll of blinking
 X - a scroll of torment
Potions
 c - 3 potions of invisibility
 e - 11 potions of curing
 f - 2 potions of brilliance
 j - 6 potions of attraction
 k - 4 potions of heal wounds
 x - 5 potions of haste
 D - 3 potions of ambrosia
 H - 6 potions of berserk rage
 K - 4 potions of magic
 L - 3 potions of mutation
 P - 3 potions of might
 R - 3 potions of lignification
 W - a potion of enlightenment
 Y - a potion of resistance


   Skills:
 + Level 7.9 Fighting
 - Level 10.1 Short Blades
 + Level 9.9 Dodging
 - Level 14.0 Stealth
 - Level 10.1 Spellcasting
 + Level 10.9 Hexes
 - Level 16.1 Necromancy
 - Level 10.0 Ice Magic
 - Level 9.0 Earth Magic


You had 2 spell levels left.
You knew the following spells:

 Your Spells              Type           Power      Damage    Failure   Level
a - Ensorcelled Hibernat  Hex/Ice        100%       N/A       1%          2
b - Confusing Touch       Hex            66%        N/A       1%          3
c - Tukima's Dance        Hex            66%        N/A       1%          3
d - Dispel Undead         Necr           81%        3d26      1%          4
e - Sublimation of Blood  Necr           81%        N/A       0%          2
f - Agony                 Necr           81%        N/A       1%          5
g - Death Channel         Necr           40%        N/A       1%          6
h - Borgnjor's Vile Clut  Necr/Erth      35%        N/A       1%          5
i - Passwall              Tmut/Erth      32%        N/A       1%          2

Your spell library contained the following spells:

 Spells                   Type           Power      Damage    Failure   Level
 Necrotise                Necr           100%       1d9       0%          1
 Freeze                   Ice            100%       1d10      1%          1
 Kiss of Death            Conj/Necr      100%       2d13      1%          1
 Cigotuvi's Dreadful Rot  Necr/Pois/Air  88%        N/A       1%          2
 Magic Dart               Conj           56%        1d5       4%          1
 Lesser Beckoning         Tloc           28%        N/A       6%          2
 Poisonous Vapours        Pois/Air       28%        N/A       6%          2
 Searing Ray              Conj           28%        2d5       6%          2
 Wereblood                Tmut           14%        N/A       6%          2
 Dazzling Flash           Conj/Hex       88%        N/A       1%          3
 Frozen Ramparts          Ice            100%       1d16      1%          3
 Hailstorm                Conj/Ice       42%        3d10      1%          3
 Sigil of Binding         Hex            66%        N/A       1%          3
 Anguish                  Hex/Necr       37%        N/A       1%          4
 Animate Dead             Necr           81%        N/A       1%          4
 Lee's Rapid Deconstruct  Erth           29%        3d15*     2%          5
 Simulacrum               Ice/Necr       36%        N/A       2%          6
 Fulminant Prism          Conj/Hex       22%        3d12      4%          4
 Summon Ice Beast         Ice/Summ       42%        N/A       4%          4
 Animate Armour           Summ/Erth      78%        N/A       6%          4
 Gell's Gravitas          Tloc           14%        N/A       12%         3
 Ignite Poison            Fire/Tmut/Pois 14%        N/A       12%         3
 Mephitic Cloud           Conj/Pois/Air  14%        N/A       12%         3
 Swiftness                Air            14%        N/A       12%         3
 Teleport Other           Tloc           14%        N/A       12%         3
 Yara's Violent Unravell  Hex/Tmut       22%        3d10      12%         5
 Freezing Cloud           Conj/Ice/Air   16%        6-21      28%         5
 Passage of Golubria      Tloc           14%        N/A       36%         4
 Sticky Flame             Conj/Fire      14%        2d4       36%         4
 Summon Lightning Spire   Summ/Air       14%        N/A       36%         4
 Ozocubu's Refrigeration  Ice            31%        4d14      47%         7
 Alistair's Intoxication  Tmut/Pois      9%         N/A       73%         5
 Irradiate                Conj/Tmut      7%         3d14      73%         5
 Discord                  Hex            33%        N/A       96%         8
 Eringya's Noxious Bog    Tmut/Pois      7%         4d6       99%         6
 Ignition                 Fire           7%         3d4       100%        8


Dungeon Overview and Level Annotations

Branches:
Dungeon (15/15)            Temple (0/1) D:7            Lair (5/5) D:11
  Swamp (0/4) Lair:2        Snake (3/4) Lair:3        Slime (0/5) Lair:5
    Orc (2/2) D:9             Elf (0/3) Orc:2        Vaults (0/5) D:13
 Depths (0/4) D:15        Ossuary (visited)

Altars:
Ashenzari
Hepliaklqana
Kikubaaqudgha
Nemelex Xobeh
Qazlal
Uskayaw
Vehumet
Yredelemnul
Jiyva

Shops:
D:5 =   D:9 ([   D:11 [   Orc:1 ([!:[   Orc:2 [(*[

Annotations:
D:4 Natasha
D:9 exclusion: statue
Lair:3 1 runed translucent door, exclusion: ice statue, Arex's ghost, journeyman DsFi
Snake:1 2 transporters


Innate Abilities, Weirdness & Mutations

Your natural rate of healing is accelerated.
You have razor-sharp teeth.
You have supernaturally acute eyesight. (SInv)
You are afflicted with vampirism and can become a bat while bloodless.


Message History

The naga warrior hits you from afar with a +0 trident!!
The naga warrior roars a battlecry!
The nagas go into a battle-frenzy!
You see here a +0 trident.
The naga warrior completely misses you.
The guardian serpent casts a spell at you.
The naga warrior blinks!
The naga blinks! x3
There is a stone staircase leading up, spattered with blood here.
The naga misses you. The naga closely misses you.
The naga hits you with a +0 trident. The naga grabs you.
You stop ascending the stairs.
The naga constricts you. The naga spits poison at you.
The splash of poison misses you. The naga warrior spits poison at you.
The splash of poison hits you but does no damage.
You resist.
Unknown command.
You escape the naga's grasp.
The naga spits poison at you. The splash of poison misses you.
The splash of poison hits the guardian serpent but does no damage.
The guardian serpent is poisoned.
The naga hits you with a +1 short sword of electrocution.
The naga completely misses you.
The naga warrior hits you with a +0 trident!!
The naga warrior grabs you.
You stop ascending the stairs.
The naga warrior constricts you.
Unknown command.
Unknown command.
The naga warrior's grasp on you weakens, but your attempt to escape fails.
The naga hits you with a +0 dire flail!!
* * * LOW HITPOINT WARNING * * *
The naga spits poison at you. The splash of poison misses you.
The splash of poison hits the naga warrior but does no damage.
The guardian serpent hits you!
* * * LOW HITPOINT WARNING * * *
The naga hits you with a +1 short sword of electrocution!!
You die...
Kikubaaqudgha rasps: "You have failed me!
Welcome... death!"

##....... ##......#.
##...8.....
##........#.
##...)..####.
#######..8.)#######
##.8.##.....[).....#
#..N[.#............+
#8N@S.'.8.>.8..8...#
#.[NN.#.............
##.8.##........รท...#
#######..8..#######
##..N...####
##..).....#
##...8...N ##......#
##.......


You could see a naga warrior, a guardian serpent (poisoned) and 3 nagas.

Vanquished Creatures
  A sphinx (D:12)
  An orc warlord (Orc:2)
  Nessos (D:12)
  Fannar (D:10)
  A hydra (Lair:2)
  3 vault guards (D:13)
  2 centaur warriors
  2 anacondas
  Erolcha (Orc:1)
  A death knight (D:14)
  2 boulder beetles (D:15)
  3 two-headed ogres
  A tengu warrior (D:14)
  A death yak (Lair:3)
  5 naga warriors
  An orc high priest (Orc:2)
  Sonja (D:12)
  3 naga sharpshooters
  3 skeletal warriors (D:14)
  A deep elf knight (D:12)
  A salamander mystic (Snake:3)
  A skyshark (Lair:5)
  2 goliath frogs
  2 sea snakes (Snake:1)
  2 arcanists
  A bog body (Lair:3)
  A phantasmal warrior (D:14)
  An orc knight (Orc:2)
  A naga ritualist (Snake:3)
  4 deep elf pyromancers
  A necromancer (D:15)
  A wolf spider zombie (D:15)
  3 mana vipers
  9 orc sorcerers
  5 cyclopes
  8 ugly things
  A salamander (Snake:1)
  An oklob plant (Lair:2)
  4 manticores
  20 black mambas
  8 elephants
  2 guardian serpents (Snake:2)
  2 centaur zombies (D:15)
  10 naga magi
  A torpor snail (Lair:5)
  11 cane toads
  2 centaur skeletons (D:15)
  4 gargoyles
  4 komodo dragons
  Maggie (D:6)
  A kobold demonologist (D:12)
  Jeremiah (D:6)
  7 yaktaurs
  An unseen horror (D:11)
  3 freezing wraiths
  Psyche (D:9)
  2 ice devils (Lair:3)
  A komodo dragon (shapeshifter) (D:15)
  3 tengu conjurers
  A polar bear (Lair:3)
  A hornet (D:10)
  6 trolls
  A tyrant leech (Lair:5)
  A wolf spider simulacrum (D:15)
  11 blink frogs
  20 slime creatures
  A shadow (D:12)
  3 water elementals (D:15)
  A vampire (D:11)
  2 basilisks
  Sigmund (D:2)
  35 yaks
  3 wraiths
  A fire elemental (D:12)
  12 vampire mosquitoes
  2 humans (D:13)
  5 steam dragons
  Menkaure (D:4)
  A death yak simulacrum (Lair:3)
  5 wargs
  18 nagas
  4 acid dragons
  13 water moccasins
  24 orc warriors
  2 sky beasts
  A swamp drake (Lair:2)
  5 black bears
  6 ogres
  7 wolves
  13 centaurs
  A phantom (D:4)
  3 kobold brigands
  23 bullfrogs
  A scorpion (D:5)
  7 wights
  13 killer bees
  4 electric eels
  A howler monkey (D:5)
  2 lava snakes (D:12)
  Crazy Yiuf (D:2)
  5 hounds
  19 orc priests
  A gnoll bouda (D:7)
  3 jellies
  4 iguanas
  3 sleepcaps
  36 orc wizards
  6 hell rats (Lair:2)
  A mummy (Ossuary)
  Robin (D:4)
  2 gnolls (D:7)
  12 adders
  11 river rats (Lair:2)
  3 worms
  3 dart slugs
  78 orcs
  5 bats
  3 endoplasms
  A giant cockroach (D:1)
  17 goblins
  6 hobgoblins
  17 jackals
  16 kobolds
  10 quokkas
  5 ball pythons
  4 frilled lizards
  6 gnoll skeletons (Ossuary)
  7 kobold skeletons (Ossuary)
  12 orc skeletons (Ossuary)
  10 rats
  A spectral goblin (D:3)
740 creatures vanquished.

Vanquished Creatures (collateral kills)
  A vault guard (D:13)
  2 naga sharpshooters (Snake:1)
  An elephant (Lair:2)
  4 cane toads
  A komodo dragon (Lair:5)
  An efreet (D:15)
  A polar bear (Lair:3)
  A tyrant leech (Lair:5)
  2 blink frogs
  8 yaks
  2 vampire mosquitoes (Lair:5)
  A water moccasin (Lair:2)
  An orc warrior (Orc:1)
  3 centaurs
  5 wolves
  5 bullfrogs
  4 wights
  An elephant simulacrum (Lair:3)
  3 hell rats (Lair:2)
  A troll simulacrum (Lair:3)
  2 gnolls (D:7)
  A naga simulacrum (Lair:3)
  5 river rats (Lair:2)
  An orc (Orc:1)
  A quokka (Lair:2)
  5 rats (Lair:2)
63 creatures vanquished.

Vanquished Creatures (others)
  3 dancing weapons
  An orc wizard (Orc:2)
4 creatures vanquished.

Grand Total: 807 creatures vanquished

Notes
Turn   | Place    | Note
-------+----------+-------------------------------------------
     0 | D:1      | grandjackal the Vampire Enchanter began the quest for the
                  | Orb.
     0 | D:1      | Reached XP level 1. HP: 13/13 MP: 3/3
   111 | D:1      | Reached XP level 2. HP: 19/19 MP: 5/5
   535 | D:1      | Found a faded altar of an unknown god.
   677 | D:1      | Reached skill level 5 in Stealth
   680 | D:1      | Learned a level 2 spell: Ensorcelled Hibernation
   811 | D:2      | Reached skill level 5 in Hexes
   811 | D:2      | Gained mutation: You are afflicted with vampirism and can
                  | become a bat while bloodless. [Vampire growth]
   811 | D:2      | Reached XP level 3. HP: 22/24 MP: 6/6
   935 | D:2      | Noticed Sigmund
   943 | D:2      | Killed Sigmund
   944 | D:2      | Reached XP level 4. HP: 29/30 MP: 2/7
   944 | D:2      | Reached XP level 5. HP: 34/35 MP: 2/8
  1001 | D:2      | Learned a level 3 spell: Confusing Touch
  1005 | D:2      | Learned a level 3 spell: Tukima's Dance
  1185 | D:2      | Found a runed translucent door.
  1186 | D:2      | Noticed Crazy Yiuf
  2053 | D:2      | Killed Crazy Yiuf
  2101 | D:3      | Reached XP level 6. HP: 41/41 MP: 9/9
  2689 | D:3      | Found a hazy altar of Hepliaklqana.
  3327 | D:4      | Noticed Menkaure
  3336 | D:4      | Noticed Robin
  3526 | D:4      | Noticed Natasha
  3593 | D:4      | Killed Robin
  3754 | D:4      | Reached XP level 7. HP: 6/46 MP: 7/10
  3858 | D:4      | Killed Menkaure
  3859 | D:4      | Reached skill level 5 in Short Blades
  3987 | D:4      | Found a hide-covered altar of Uskayaw.
  4157 | D:5      | Entered Level 5 of the Dungeon
  4416 | D:5      | Found Zasebb's Jewellery Shoppe.
  4452 | D:5      | Reached XP level 8. HP: 52/52 MP: 8/11
  4455 | D:5      | Reached skill level 5 in Ice Magic
  4890 | D:6      | Noticed Jeremiah
  4894 | D:6      | Found a stormy altar of Qazlal.
  4977 | D:6      | Killed Jeremiah
  5066 | D:6      | Noticed Maggie
  5078 | D:6      | Killed Maggie
  5079 | D:6      | Reached skill level 10 in Hexes
  5301 | D:5      | Reached skill level 1 in Fighting
  5399 | D:6      | Reached XP level 9. HP: 53/59 MP: 5/12
  5734 | D:6      | Learned a level 4 spell: Dispel Undead
  5900 | D:6      | Reached skill level 1 in Necromancy
  6261 | D:7      | Found an ancient bone altar of Kikubaaqudgha.
  6269 | D:7      | Became a worshipper of Kikubaaqudgha
  6381 | D:7      | Found a staircase to the Ecumenical Temple.
  6388 | D:7      | Reached skill level 2 in Necromancy
  6443 | D:7      | Found a sand-covered staircase.
  6452 | Ossuary  | Entered an ossuary
  6607 | Ossuary  | Reached * piety under Kikubaaqudgha
  6607 | Ossuary  | Received a gift from Kikubaaqudgha
  6869 | D:7      | Reached skill level 3 in Necromancy
  6869 | D:7      | Noticed a troll
  6871 | D:7      | Noticed a deep elf pyromancer
  6949 | D:6      | Killed a troll
  6950 | D:6      | Reached skill level 10 in Stealth
  6950 | D:6      | Reached skill level 4 in Necromancy
  6992 | D:6      | Killed a deep elf pyromancer
  7059 | D:6      | Reached XP level 10. HP: 52/67 MP: 9/13
  7157 | D:7      | Reached skill level 5 in Necromancy
  7451 | D:7      | Noticed a cyclops
  7451 | D:7      | Noticed an arcanist
  7453 | D:7      | Killed an arcanist
  7460 | D:7      | Reached ** piety under Kikubaaqudgha
  7461 | D:7      | Reached skill level 10 in Short Blades
  7461 | D:7      | Reached skill level 6 in Necromancy
  7483 | D:7      | Killed a cyclops
  8241 | D:8      | Learned a level 2 spell: Sublimation of Blood
  8276 | D:8      | Reached skill level 7 in Necromancy
  8503 | D:8      | Noticed a cyclops
  8507 | D:8      | Killed a cyclops
  8508 | D:8      | Reached XP level 11. HP: 72/72 MP: 16/16
  8540 | D:8      | Found a broken altar of Ashenzari.
  8852 | D:8      | Noticed a two-headed ogre
  8863 | D:8      | Killed a two-headed ogre
  9172 | D:9      | Noticed Psyche
  9181 | D:9      | Killed Psyche
  9181 | D:9      | Reached *** piety under Kikubaaqudgha
  9181 | D:9      | Received a gift from Kikubaaqudgha
  9182 | D:9      | Reached skill level 8 in Necromancy
  9525 | D:9      | Found a radiant altar of Vehumet.
  9757 | D:9      | Found Doidwyum's Armour Shop.
  9758 | D:9      | Found a staircase to the Orcish Mines.
  9762 | D:9      | Found Xiddiq's Weapon Shop.
 10384 | D:5      | Bought the ring "Ynnosam" {rPois rC+ rCorr Stlth+} for 574
                  | gold pieces
 10492 | D:10     | Entered Level 10 of the Dungeon
 10499 | D:10     | Learned a level 5 spell: Agony
 10575 | D:10     | Noticed Fannar
 10642 | D:10     | Killed Fannar
 10643 | D:10     | Reached skill level 5 in Spellcasting
 11138 | D:10     | Noticed a two-headed ogre
 11145 | D:10     | Killed a two-headed ogre
 11146 | D:10     | Reached skill level 9 in Necromancy
 11201 | D:10     | Found a basalt altar of Yredelemnul.
 11438 | D:10     | Reached skill level 5 in Fighting
 11855 | D:11     | Reached **** piety under Kikubaaqudgha
 11992 | D:11     | Found Ygegek's Antique Armour Shoppe.
 12184 | D:11     | You fall into a shaft and drop 3 floors!
 12227 | D:14     | Noticed a skeletal warrior
 12227 | D:14     | Noticed a skeletal warrior
 12228 | D:14     | Noticed a skeletal warrior
 12240 | D:14     | Killed a skeletal warrior
 12248 | D:14     | Noticed a deep elf pyromancer
 12282 | D:14     | Killed a skeletal warrior
 12283 | D:14     | Reached XP level 12. HP: 72/86 MP: 7/21
 12383 | D:14     | Noticed a centaur warrior
 12555 | D:13     | Reached skill level 10 in Necromancy
 12572 | D:13     | Noticed a centaur warrior
 12578 | D:12     | Noticed Sonja
 12583 | D:12     | Killed Sonja
 12735 | D:11     | Reached skill level 5 in Dodging
 13038 | D:11     | Found a staircase to the Lair.
 13240 | D:12     | Noticed Nessos
 13402 | D:12     | Reached skill level 11 in Necromancy
 13974 | D:12     | Killed Nessos
 14056 | D:12     | Noticed a two-headed ogre
 14063 | D:12     | Killed a two-headed ogre
 14074 | D:12     | Reached skill level 12 in Necromancy
 14292 | D:12     | Noticed a sphinx
 14295 | D:12     | Killed a sphinx
 14778 | D:9      | Bought the +1 pair of boots of Ecotaubi {Int+3} for 296
                  | gold pieces
 14806 | Orc:1    | Entered Level 1 of the Orcish Mines
 14806 | Orc:1    | Found Esyo's Antique Armour Emporium.
 14816 | Orc:1    | Reached ***** piety under Kikubaaqudgha
 14931 | Orc:1    | Found Vaaram's Armour Boutique.
 14932 | Orc:1    | Found Wuoski's Book Boutique.
 15293 | Orc:1    | Found Qepeg's Distillery.
 15302 | Orc:1    | Bought a potion of degeneration for 14 gold pieces
 15302 | Orc:1    | Bought a potion of might for 56 gold pieces
 15395 | Orc:1    | Found Cufomuce's Weapon Emporium.
 15427 | Orc:1    | Noticed Erolcha
 15429 | Orc:1    | Killed Erolcha
 15599 | Orc:2    | Entered Level 2 of the Orcish Mines
 15618 | Orc:2    | Found a staircase to the Elven Halls.
 15685 | Orc:1    | Bought a +2 pair of gloves of dexterity for 301 gold pieces
 15808 | Orc:2    | Noticed an orc high priest
 15841 | Orc:1    | Reached XP level 13. HP: 69/91 MP: 21/24
 16099 | Orc:2    | Reached skill level 13 in Necromancy
 16396 | Orc:2    | Found Jaran's General Store.
 16396 | Orc:2    | Found Feenuuq's Antique Armour Shop.
 16563 | Orc:2    | Found Cuniwof's Weapon Shop.
 16563 | Orc:2    | Found Pisiqu Qytott's Antique Armour Emporium.
 16741 | Orc:2    | Noticed an orc warlord
 16860 | Orc:2    | Reached ****** piety under Kikubaaqudgha
 17131 | Orc:2    | Killed an orc warlord
 17555 | Lair:1   | Entered Level 1 of the Lair of Beasts
 17563 | Lair:1   | Learned a level 6 spell: Death Channel
 17594 | Lair:1   | Learned a level 5 spell: Borgnjor's Vile Clutch
 17831 | Lair:1   | Reached skill level 1 in Earth Magic
 17842 | Lair:1   | Identified a scroll of acquirement
 17843 | Lair:1   | Acquired the amulet of the Final Decision {Acrobat rElec
                  | SInv}
 18325 | Lair:1   | Reached skill level 14 in Necromancy
 19490 | Lair:2   | Acquired a book of the Tundra
 19704 | Lair:2   | Found a staircase to the Swamp.
 20029 | Lair:3   | Acquired the Precepts of Enchantment and the Blizzard
 20217 | Lair:3   | Reached XP level 14. HP: 101/101 MP: 24/27
 20356 | Lair:3   | Found a staircase to the Snake Pit.
 20478 | Lair:3   | Found a runed translucent door.
 20515 | Lair:3   | Noticed Arex's ghost (journeyman DsFi)
 20524 | Lair:3   | Reached skill level 5 in Earth Magic
 22403 | Lair:5   | Entered Level 5 of the Lair of Beasts
 22703 | Lair:5   | Identified the ring "Jawa" {Drain rPois rC+ rN+ Str+4}
 22709 | Lair:5   | Identified the ring of Nogink {Fly rF- Str+3 Dex+3 SInv}
 22839 | Lair:5   | Found a viscous altar of Jiyva.
 22851 | Lair:5   | Found a staircase to the Slime Pits.
 24228 | D:13     | Reached skill level 15 in Necromancy
 24805 | D:13     | Found a gate to the Vaults.
 25597 | D:14     | Reached XP level 15. HP: 108/108 MP: 25/28
 25839 | D:14     | Reached skill level 10 in Ice Magic
 26334 | D:15     | Entered Level 15 of the Dungeon
 27749 | D:15     | Found a hide-covered altar of Uskayaw.
 27922 | D:15     | Found a staircase to the Depths.
 28538 | Snake:1  | Entered Level 1 of the Snake Pit
 28742 | Snake:1  | Found a transporter.
 29259 | Snake:1  | Reached skill level 10 in Spellcasting
 30061 | Snake:1  | Reached skill level 16 in Necromancy
 30298 | Snake:1  | Found the dreamshard necklace {Acrobat *Dream}
 30338 | Snake:1  | Found a transporter.
 30418 | Snake:1  | Found a sparkling altar of Nemelex Xobeh.
 31422 | Snake:2  | Learned a level 2 spell: Passwall
 32366 | Snake:3  | Mangled by a naga

Illustrated notes

Levels and vault maps discovered:
D:1:      minmay_arrival_shattered_statue, layout_basic,
          shapermc_ecumenical_altar_venn, supply_closet_lemuel
D:2:      layout_basic, minmay_misc_feat_tiny, hex_intersection,
          uniq_crazy_yiuf_cottage, uniq_sigmund
D:3:      layout_basic, nicolae_hepliaklqana_monster_ancestors
D:4:      layout_layer_cave, mainiacjoe_overflow_tiny_flanked, uniq_menkaure,
          uniq_natasha, uniq_robin
D:5:      layout_loops_ring, serial_shops, shop
D:6:      layout_cave_pods, nicolae_qazlal_beasts_of_the_sky, hex_large,
          uniq_jeremiah, uniq_maggie
D:7:      nzn_winding_woodlands_stair_cross
          [nzn_winding_woodlands_5x15_river_crossing,
          nzn_winding_woodlands_center_triple_pond,
          nzn_winding_woodlands_5x15_eye, nzn_winding_woodlands_5x5_default,
          nzn_winding_woodlands_5x5_checkerboard,
          nzn_winding_woodlands_5x15_jagged, nzn_winding_woodlands_center_lodge,
          nzn_winding_woodlands_5x15_zeroes], layout_rooms,
          mainiacjoe_overflow_surrounded_room, minmay_temple_entry_antechambers,
          nicolae_ossuary_entry_monument, fountainhead
D:8:      layout_basic, nicolae_ashenzari_skybound
D:9:      layout_loops_ring, vehumet_statue, orc_david_3, st_stairs_1,
          uniq_psyche
D:10:     layout_layer_cave, nicolae_elyvilon_temple_path, minitemple,
          uniq_fannar
D:11:     layout_small_grid, erik_lair_orcish_takeover, serial_shops, shop
D:12:     layout_stronghold, kennysheep_island_fort, uniq_nessos, uniq_sonja
D:13:     layout_roguey, grunt_vaults_entry_fortified
D:14:     layout_rooms, serial_park_gazebo [serial_park_minivault_5x5_1],
          david_defended_altar_orc
D:15:     grunt_enter_depths_magical_seal, layout_basic,
          nicolae_uskayaw_suspiria
Lair:1:   layout_regular_city, st_stairs_3
Lair:2:   lemuel_ratsnest, layout_gridlike, mainiacjoe_swamp_entry_lozenge_pond,
          nicolae_lair_grazing_beasts [nicolae_sub_lair_graze_edge,
          nicolae_sub_lair_graze_edge, nicolae_sub_lair_graze_edge,
          nicolae_sub_lair_graze_edge]
Lair:3:   dreamdust_isle_of_ice, layout_chaotic_city,
          guppyfry_snake_entry_island, ebering_ghost_inner_flame
Lair:4:   layout_roguey, infiniplex_staircase_pool_2, grunt_megastairs_4
Lair:5:   minmay_lair_end_frog_pond, layout_gridlike, dpeg_slime_entry_corner
Snake:1:  gammafunk_the_bubble [the_bubble_gammafunk_crates],
          layout_onion_interference, basic_altar, serial_bayou_shore_a
Snake:2:  layout_honeycomb
Snake:3:  kennysheep_six_static_rooms, layout_cave_town, serial_shops, shop,
          serial_bayou_shore_b, grunt_megastairs_3
Orc:1:    layout_caves, serial_shops, nicolae_shop_bloodbath_and_beyond, shop,
          nicolae_shop_advertising_works [nicolae_subvault_shop_adworks], shop,
          nicolae_shop_trees, uniq_erolcha
Orc:2:    st_orc_town, layout_caves

Skill      XL: |  1  2  3  4  5  6  7  8  9 10 11 12 13 14 15 |
---------------+----------------------------------------------+-----
Stealth        | 5 7 10 13 14 | 14.0
Short Blades   | 2 3 4 5 7 9 10 | 10.1
Hexes          | 5 6 7 8 10 | 10.9
Ice Magic      | 2 3 4 5 6 9 10 | 10.0
Fighting       | 1 2 5 6 7 |  7.9
Necromancy     | 4 7 9 12 14 15 16 | 16.1
Spellcasting   | 3 6 7 9 10 | 10.1
Dodging        | 3 7 9 |  9.9
Earth Magic    | 4 8 9 |  9.0

Action                     |  1- 3 |  4- 6 |  7- 9 | 10-12 | 13-15 || total
---------------------------+-------+-------+-------+-------+-------++-------
  Melee: Dagger            |     8 |   213 |   312 |   512 |  1422 ||  2467
         Spear             |    66 |     8 |       |       |       ||    74
         Bite              |     5 |    23 |    43 |    66 |   215 ||   352
         Punch             |     1 |     2 |     5 |    15 |    27 ||    50
         Rapier            |       |       |     8 |    37 |       ||    45
   Cast: Ensorcelled Hiber |     2 |    26 |    40 |   131 |   285 ||   484
         Confusing Touch   |       |     2 |     2 |    18 |    16 ||    38
         Tukima's Dance    |       |       |     6 |    13 |    47 ||    66
         Dispel Undead     |       |       |       |     5 |    34 ||    39
         Sublimation of Bl |       |       |       |     2 |     1 ||     3
         Death Channel     |       |       |       |       |    11 ||    11
         Borgnjor's Vile C |       |       |       |       |    11 ||    11
Ability: Exsanguinate      |       |       |       |     1 |       ||     1
  Evoke: Wand              |       |       |     5 |     4 |    20 ||    29
    Use: Scroll            |       |     1 |     4 |    13 |    17 ||    35
         Potion            |       |     1 |       |     2 |       ||     3
   Stab: Sleeping          |    12 |    25 |    37 |   125 |   191 ||   390
         Distracted        |     1 |       |       |     1 |    14 ||    16
         Confused          |       |     2 |     3 |    18 |    14 ||    37
 Armour: Robe              |    37 |   162 |    41 |       |       ||   240
         Steam dragon scal |       |       |   142 |   354 |   757 ||  1253
  Dodge: Dodged            |    49 |   193 |   169 |   309 |  1003 ||  1723

Table legend: (Time is in decaauts)
 A = Elapsed time spent in this place.
 B = Non-inter-level travel time spent in this place.
 C = Inter-level travel time spent in this place.
 D = Time resting spent in this place.
 E = Time spent auto-exploring this place.
 F = Levels seen in this place.
 G = Mean time per level.
                   A        B        C        D        E       F      G
               +--------+--------+--------+--------+--------+-----+--------+
         Total |  31392 |  29849 |   1543 |   7495 |  11040 |  26 | 1207.4 |
       Dungeon |  18761 |  17700 |   1061 |   4665 |   6534 |  15 | 1250.7 |
          Lair |   6547 |   6288 |    259 |   1457 |   2572 |   5 | 1309.4 |
     Snake Pit |   3355 |   3205 |    150 |    972 |    978 |   3 | 1118.3 |
  Orcish Mines |   2470 |   2399 |     71 |    400 |    956 |   2 | 1235.0 |
       Ossuary |    258 |    258 |      0 |      0 |      0 |   1 |  258.0 |
               +--------+--------+--------+--------+--------+-----+--------+

Top non-repeatable levels by time:
  Lair:3: 2110 daAuts
    D:15: 1838 daAuts
    D:12: 1656 daAuts
   Orc:2: 1584 daAuts
 Snake:1: 1581 daAuts
    D:13: 1519 daAuts
 Snake:2: 1514 daAuts
    D:14: 1393 daAuts
  Lair:2: 1393 daAuts
     D:6: 1392 daAuts
     D:8: 1309 daAuts
  Lair:5: 1305 daAuts
     D:2: 1293 daAuts
    D:10: 1277 daAuts
     D:7: 1176 daAuts
